 Dungeon Crawl Stone Soup version 0.26.1-2-gb8aa6d0cf2 (webtiles) character file.

Game seed: 13086174744892249359

9199 funkygono the Destroyer (level 11, -6/58 HPs)
             Began as a Gargoyle Fire Elementalist on Feb 14, 2021.
             Was a Believer of Sif Muna.
             Mangled by a minotaur
             ... wielding the cursed +0 quarterstaff of Zeff {holy, rF+}
              (15 damage)
             ... in a Gauntlet.
             The game lasted 00:36:03 (15859 turns).

funkygono the Destroyer (GrFE)                     Turns: 15859, Time: 00:36:04

Health: -6/58      AC: 23    Str: 20    XL:     11   Next: 42%
Magic:  17/30      EV: 13    Int: 22    God:    Sif Muna [**....]
Gold:   620        SH:  0    Dex: 10    Spells: 13/28 levels left

rFire    . . .     SeeInvis +   w - +3 whip (pain)
rCold    x . .     Faith    .   (no shield)
rNeg     + . .     Spirit   .   I - +0 steam dragon scales
rPois    ∞         Reflect  .   K - +0 helmet of the Volcano {rC- Str+8 Int+3}
rElec    +         Harm     .   B - +1 cloak
rCorr    .         Rampage  .   g - +1 pair of gloves
Will     .....     NoTele   +   x - +2 pair of boots
Stlth    +++.......             (no amulet)
HPRegen  0.19/turn              k - ring of stealth
MPRegen  0.22/turn              q - ring of magical power

@: mighty, very slightly contaminated, invisible
A: see invisible, low mp 1, negative energy resistance 1, electricity
resistance, teleportitis 1, unbreathing, petrification resistance, miasma
immunity, AC +8
a: Renounce Religion, Channel Magic


You were in a Gauntlet.
You worshipped Sif Muna.
Sif Muna was pleased with you.
You visited 2 branches of the dungeon, and saw 12 of its levels.
You also visited: Ossuary and Gauntlet.

You collected 620 gold pieces.

Inventory:

Hand Weapons
 c - a +0 club
 i - a +3 falchion of draining
 o - a +0 whip
 t - a +2 whip of freezing
 w - a +3 whip of pain (weapon)
 y - the +2 halberd of Ucik {vorpal, rPois rN+ Dex+3, unknown}
   (You found it on level 6 of the Dungeon)

   It inflicts extra damage upon your enemies.
   It affects your dexterity (+3).
   It protects you from poison.
   It protects you from negative energy.
Missiles
 e - 293 stones
Armour
 a - a +0 robe
 f - a +0 ring mail
 g - a +1 pair of gloves (worn)
 j - a +0 leather armour
 x - a +2 pair of boots (worn)
 B - a +1 cloak (worn)
 C - a +1 hat
 E - a +0 buckler
 I - +0 steam dragon scales (worn)
 K - the +0 helmet of the Volcano (worn) {rC- Str+8 Int+3}
   (You found it in a Gauntlet)

   It affects your strength (+8).
   It affects your intelligence (+3).
   It makes you vulnerable to cold.
 L - a +0 pair of gloves of archery
Jewellery
 b - an uncursed ring of ice
 d - an uncursed amulet of guardian spirit
 k - a ring of stealth (left hand)
 q - a ring of magical power (right hand)
Wands
 A - a wand of acid (8)
 D - a wand of iceblast (4)
Scrolls
 l - 2 scrolls of fear
 m - 5 scrolls of teleportation
 n - 4 scrolls of magic mapping
Potions
 h - 9 potions of curing
 p - 3 potions of mutation
 u - 3 potions of magic
 v - 2 potions of attraction
 F - 4 potions of flight
 G - a potion of brilliance
 J - a potion of haste


   Skills:
 + Level 2.4 Fighting
 + Level 2.2 Maces & Flails
 * Level 7.2 Armour
 + Level 3.5 Dodging
 + Level 3.3 Stealth
 + Level 9.0 Spellcasting
 + Level 9.1 Conjurations
 + Level 8.6 Fire Magic
 * Level 2.3 Poison Magic


You had 13 spell levels left.
You knew the following spells:

 Your Spells              Type           Power        Failure   Level
a - Foxfire               Conj/Fire      100%         1%          1
b - Conjure Flame         Conj/Fire      49%          1%          3
c - Sticky Flame          Conj/Fire      49%          1%          4
d - Magic Dart            Conj           100%         1%          1
e - Fireball              Conj/Fire      24%          4%          5
f - Sting                 Tmut/Pois      60%          4%          1

Your spell library contained the following spells:

 Spells                   Type           Power        Failure   Level
 Inner Flame              Hex/Fire       28%          3%          3
 Ignite Poison            Fire/Tmut/Pois 26%          4%          3
 Mephitic Cloud           Conj/Pois/Air  26%          4%          3
 Poisonous Vapours        Pois/Air       30%          6%          2
 Blink                    Tloc           N/A          10%         2
 Call Imp                 Summ           9%           10%         2
 Slow                     Hex            9%           10%         2
 Confusing Touch          Hex            9%           21%         3
 Gell's Gravitas          Tloc           4%           21%         3
 Olgreb's Toxic Radiance  Pois           20%          26%         4
 Petrify                  Tmut/Erth      9%           54%         4
 Metabolic Englaciation   Hex/Ice        4%           88%         5
 Yara's Violent Unravell  Hex/Tmut       4%           88%         5


Dungeon Overview and Level Annotations

Branches:
Dungeon (11/15)            Temple (1/1) D:7             Orc (0/2) D:10
Ossuary (visited)         Gauntlet (1/1)
   Lair: D:8-11

Altars:
Ashenzari
Cheibriados
Dithmenos
Elyvilon
Fedhas
Gozag
Hepliaklqana
Kikubaaqudgha
Makhleb
Nemelex Xobeh
Okawaru
Qazlal
Ru
Sif Muna
Trog
Uskayaw
Vehumet
Wu Jian
Xom
Yredelemnul
Zin
The Shining One

Shops:
D:8 ?

Annotations:
Gauntlet 6 transporters


Innate Abilities, Weirdness & Mutations

You are resistant to torment.
Your stone body is resilient. (AC +8)
You are immune to poison.
You resist negative energy. (rN+)
You are resistant to electric shocks. (rElec)
You can survive without breathing.
You are immune to petrification.
You are immune to miasma.
You have supernaturally acute eyesight. (SInv)
Your magical capacity is low. (-10% MP)
You are occasionally teleported next to monsters.


Message History

The sticky flame hits the minotaur.
The minotaur resists.
The minotaur is severely wounded.
The minotaur is covered in liquid flames!
The minotaur burns!
The minotaur hits you but does no damage.
The minotaur misses you.
You feel much better.
The minotaur burns!
The minotaur hits you with the cursed +0 quarterstaff of Zeff {holy, rF+}!!
* * * LOW HITPOINT WARNING * * *
The minotaur gores you but does no damage.
You fade into invisibility!
The minotaur burns!
The minotaur hits you but does no damage.
The minotaur gores you but does no damage.
Unknown command.
You hit the minotaur but do no damage.
The minotaur is severely wounded.
The minotaur burns!
The minotaur hits you with the cursed +0 quarterstaff of Zeff {holy, rF+}!
You die...

#..###..# #..##≈..#
#..###..# ##########
#....#..# #(.......#
#...©#..#
#(######.####....#.∩.
#.#. #.#.......#...
#.#H####.#.##...©#..#
#.#.@(...#.##....#..#
#.########.##..###..#
#..........##..##≈..#
#############..###..#
#..##≈..# #..###..#
#####≈..# ##..# #≈..#


You could see a minotaur (burning).

Vanquished Creatures
  Pikel (D:5)
  A shining eye (Gauntlet)
  Psyche (D:8)
  A centaur skeleton (D:10)
  A raiju (Gauntlet)
  4 shadows (Gauntlet)
  9 yaks
  A golden eye (Gauntlet)
  A steam dragon (Gauntlet)
  Menkaure (D:6)
  A floating eye (Gauntlet)
  A water moccasin (D:6)
  4 black bears
  3 orc warriors
  3 ogres
  2 ice beasts
  A phantom (D:5)
  4 centaurs
  3 lemures (D:5)
  4 elf zombies (Ossuary)
  A big kobold (D:10)
  6 bullfrogs
  3 scorpions
  A water moccasin skeleton (D:9)
  7 killer bees
  2 howler monkeys
  5 wights (D:8)
  7 electric eels (D:9)
  A bullfrog zombie (D:3)
  4 centaur zombies
  A quasit (D:9)
  2 jellies
  2 orc priests
  2 bullfrog skeletons (D:9)
  4 hounds
  5 iguanas
  2 human zombies (Ossuary)
  Natasha (thrice) (D:2)
  6 orc wizards
  5 worker ants
  A big kobold zombie (Ossuary)
  A hound zombie (D:9)
  2 hound skeletons
  3 mummies (Ossuary)
  2 howler monkey zombies
  8 gnolls
  17 adders
  2 howler monkey skeletons
  4 shadow imps
  3 white imps
  4 ufetubi
  2 oozes
  2 adder zombies (Ossuary)
  4 adder skeletons
  4 worms
  A dart slug (D:1)
  2 leopard geckos
  32 orcs
  3 ball pythons
  3 giant cockroaches
  3 gnoll zombies (Ossuary)
  7 goblins
  12 hobgoblins
  3 jackals (D:9)
  2 quokkas (D:3)
  9 bats
  3 frilled lizards
  4 goblin zombies (Ossuary)
  3 hobgoblin zombies (Ossuary)
  6 jackal zombies
  12 kobolds
  2 leopard gecko skeletons
  2 orc zombies (Ossuary)
  5 quokka zombies (Ossuary)
  2 rats (D:3)
  5 rat zombies (Ossuary)
296 creatures vanquished.

Vanquished Creatures (others)
  A scorpion (D:5)
  An adder (D:5)
  A shadow imp (D:5)
  An orc (D:5)
  A quokka (D:5)
  1353 foxfires
  3 withered plants (Gauntlet)
1361 creatures vanquished.

Grand Total: 1657 creatures vanquished

Notes
Turn   | Place    | Note
-------+----------+-------------------------------------------
     0 | D:1      | funkygono the Gargoyle Fire Elementalist began the quest
                  | for the Orb.
     0 | D:1      | Reached XP level 1. HP: 10/10 MP: 3/3
   179 | D:1      | Reached XP level 2. HP: 15/15 MP: 1/5
   902 | D:2      | Noticed Natasha
   908 | D:2      | Noticed a crimson imp
   911 | D:2      | Noticed a crimson imp
   920 | D:2      | Killed Natasha
   921 | D:2      | Reached XP level 3. HP: 5/19 MP: 0/6
  1337 | D:2      | Reached XP level 4. HP: 24/24 MP: 3/7
  1583 | D:2      | Noticed Natasha
  1588 | D:2      | Killed Natasha
  1766 | D:2      | Noticed Natasha
  1771 | D:2      | Killed Natasha
  1772 | D:2      | Reached XP level 5. HP: 28/28 MP: 4/9
  1877 | D:2      | Learned a level 3 spell: Conjure Flame
  1882 | D:2      | Learned a level 4 spell: Sticky Flame
  2059 | D:2      | Found a burning altar of Makhleb.
  2742 | D:2      | Reached skill level 1 in Armour
  3375 | D:3      | Reached skill level 1 in Maces & Flails
  3811 | D:3      | Reached XP level 6. HP: 19/32 MP: 2/10
  5403 | D:4      | Reached XP level 7. HP: 29/37 MP: 3/12
  5749 | D:4      | Learned a level 1 spell: Magic Dart
  5767 | D:5      | Entered Level 5 of the Dungeon
  5786 | D:3      | Found a shimmering altar of Xom.
  5881 | D:5      | Noticed Pikel
  6117 | D:5      | Found a sparkling altar of Nemelex Xobeh.
  6227 | D:5      | Reached skill level 5 in Fire Magic
  6504 | D:5      | Reached XP level 8. HP: 40/42 MP: 14/14
  6871 | D:5      | Found a shimmering altar of Xom.
  6996 | D:5      | Killed Pikel
  6997 | D:5      | Reached skill level 5 in Spellcasting
  7335 | D:6      | Reached skill level 5 in Conjurations
  7458 | D:6      | Got an encrusted halberd
  7703 | D:6      | Noticed Menkaure
  7711 | D:6      | Killed Menkaure
  7712 | D:6      | Reached XP level 9. HP: 46/46 MP: 17/17
  7886 | D:6      | Reached skill level 1 in Fighting
  7996 | D:6      | Found a bloodstained altar of Trog.
  8169 | D:6      | Learned a level 5 spell: Fireball
  8468 | D:7      | Found a basalt altar of Yredelemnul.
  8794 | D:7      | Reached skill level 5 in Armour
  8941 | D:7      | Found a sand-covered staircase.
  8950 | Ossuary  | Entered an ossuary
  9945 | D:7      | Found a staircase to the Ecumenical Temple.
  9959 | Temple   | Entered the Ecumenical Temple
 10036 | Temple   | Became a worshipper of Sif Muna the Loreminder
 10450 | D:8      | Reached XP level 10. HP: 52/52 MP: 20/20
 10831 | D:8      | Found Cohojaitz's Magic Scroll Emporium.
 10920 | D:8      | Noticed Psyche
 10929 | D:8      | Killed Psyche
 11046 | D:8      | Reached * piety under Sif Muna
 11318 | D:8      | Found a hide-covered altar of Uskayaw.
 12759 | D:9      | Found a shadowy altar of Dithmenos.
 12972 | D:10     | Entered Level 10 of the Dungeon
 13347 | D:10     | Reached ** piety under Sif Muna
 13479 | D:10     | Found a staircase to the Orcish Mines.
 13508 | D:10     | Learned a level 1 spell: Sting
 13538 | D:10     | Reached XP level 11. HP: 57/57 MP: 22/23
 13580 | D:9      | Reached skill level 1 in Poison Magic
 15109 | D:11     | Found a gate leading to a gauntlet.
 15125 | Gauntlet | Entered a Gauntlet
 15125 | Gauntlet | Found a transporter.
 15125 | Gauntlet | Found a transporter.
 15125 | Gauntlet | Found a transporter.
 15126 | Gauntlet | Found a transporter.
 15130 | Gauntlet | Found a transporter.
 15131 | Gauntlet | Found a transporter.
 15137 | Gauntlet | Found a transporter.
 15139 | Gauntlet | Found a transporter.
 15140 | Gauntlet | Found a transporter.
 15142 | Gauntlet | Found a transporter.
 15178 | Gauntlet | Noticed a shining eye
 15193 | Gauntlet | Found a transporter.
 15208 | Gauntlet | Noticed a death scarab
 15209 | Gauntlet | Noticed a death scarab
 15211 | Gauntlet | Found a transporter.
 15213 | Gauntlet | Noticed a spectral death yak
 15474 | Gauntlet | Gained mutation: You have supernaturally acute eyesight.
                  | (SInv) [a shining eye]
 15475 | Gauntlet | Gained mutation: Your magical capacity is low. (-10% MP) [a
                  | shining eye]
 15477 | Gauntlet | Gained mutation: You are occasionally teleported next to
                  | monsters. [a shining eye]
 15480 | Gauntlet | Killed a shining eye
 15482 | Gauntlet | Got an ichor-stained helmet
 15493 | Gauntlet | Identified the +0 helmet of the Volcano {rC- Str+8 Int+3}
                  | (You found it in a Gauntlet)
 15778 | Gauntlet | Identified the cursed +0 quarterstaff of Zeff {holy, rF+}
 15778 | Gauntlet | Noticed a minotaur
 15859 | Gauntlet | Mangled by a minotaur

Illustrated notes

Levels and vault maps discovered:
D:1:      mrwooster_arrival_arrow, layout_loops_ring
D:2:      layout_basic, makhleb_grotto_becter, minmay_cut_off, uniq_natasha
D:3:      lemuel_upstairs_altar, layout_basic
D:4:      layout_cave_pools, minmay_misc_feat_secret_circle
D:5:      layout_loops_ring, xom_confusion_cloud,
          nemelex_xobeh_ov_fountains_minmay, uniq_pikel
D:6:      layout_basic, serial_glass, glass_columns_a, glass_columns_c,
          bloody_trog, uniq_menkaure
D:7:      layout_basic, lemuel_doored_altar, minmay_temple_entry_large_hall,
          nicolae_ossuary_entry_ruins
D:8:      layout_cave_pools, marbit_many_paths, serial_shops, shop, uniq_psyche
D:9:      layout_basic, lemuel_coloured_pillars_altar
D:10:     layout_layer_cave, orc_0_dummy, minmay_misc_feat_x
D:11:     layout_roguey, david_lair_shrubbed, gauntlet_entry_generic,
          nicolae_ashenzari_panopticon, uniq_urug, uniq_nergalle
Temple:   eino_temple_scatter_basement
Gauntlet: minmay_gauntlet_mixed_big_or_small [nicolae_gauntlet_arena_quarters,
          minmay_gauntlet_arena_77_double_cross, gammafunk_gauntlet_arena_mazey,
          minmay_gauntlet_arena_77_checkered, gammafunk_gauntlet_arena_crates,
          minmay_gauntlet_arena_77_hold_the_fort, gauntlet_exit_spiral]

Skill      XL: |  1  2  3  4  5  6  7  8  9 10 11 |
---------------+----------------------------------+-----
Fire Magic     | 4 5 6 7 8 |  8.6
Conjurations   | 2 4 5 7 8 9 |  9.1
Armour         | 2 3 4 5 6 7 |  7.2
Maces & Flails | 1 2 |  2.2
Dodging        | 2 3 |  3.5
Spellcasting   | 3 4 5 7 8 9 |  9.0
Fighting       | 1 2 |  2.4
Stealth        | 3 |  3.3
Poison Magic   | 2 |  2.3

Action                   |  1- 3 |  4- 6 |  7- 9 | 10-12 || total
-------------------------+-------+-------+-------+-------++-------
Melee: Club              |     7 |   162 |       |       ||   169
       Falchion          |       |     7 |       |       ||     7
       Whip              |       |       |    87 |    40 ||   127
 Cast: Foxfire           |    44 |   155 |   358 |   270 ||   827
       Conjure Flame     |       |     1 |     4 |     1 ||     6
       Sticky Flame      |       |       |       |    43 ||    43
       Magic Dart        |       |       |       |     2 ||     2
       Sting             |       |       |       |     1 ||     1
  Use: Scroll            |     1 |     7 |    10 |     7 ||    25
       Potion            |       |       |       |     7 ||     7
 Stab: Sleeping          |       |       |       |     1 ||     1
Armor: Robe              |     3 |       |       |       ||     3
       Leather armour    |       |   123 |   107 |    88 ||   318
       Steam dragon scal |       |       |       |    42 ||    42
Dodge: Dodged            |     7 |   158 |   167 |   119 ||   451
